 Dungeon Crawl Stone Soup version 0.29.0-11-gd7f09526c8 (webtiles) character file.

Game seed: 6293213813941976738

12 pacmanke6689 the Conjurer (level 2, 0/20 HPs)
             Began as a Hill Orc Conjurer on Sept 4, 2022.
             Killed from afar by a dart slug (1 damage)
             ... with a slug dart
             ... on level 1 of the Dungeon.
             The game lasted 00:01:46 (582 turns).

pacmanke6689 the Conjurer (Hill Orc Conjurer)        Turns: 582, Time: 00:01:47

Health: 0/20       AC:  3    Str:  9    XL:     2   Next: 33%
Magic:  0/4        EV: 11    Int: 18    God:
Gold:   32         SH:  0    Dex:  9    Spells: 3/4 levels left

rFire   . . .      SeeInvis .   (no weapon)
rCold   . . .      Faith    .   (no shield)
rNeg    . . .      Spirit   .   d - +0 leather armour
rPois   .          Reflect  .   (no helmet)
rElec   .          Harm     .   (no cloak)
rCorr   .          Rampage  .   (no gloves)
Will    .....                   (no boots)
Stlth   +.........              (no amulet)
HPRegen 0.06/turn               (no ring)
MPRegen 0.09/turn               (no ring)

@: no status effects
A: no striking features
a: no special abilities


You were on level 1 of the Dungeon.
You visited 1 branch of the dungeon, and saw 1 of its levels.

You collected 32 gold pieces.

Inventory:

Armour
 a - a +0 robe
 d - a +0 leather armour (worn)
Scrolls
 c - 2 scrolls of identify {unknown}
 e - a scroll of vulnerability {unknown}
 f - a scroll of teleportation {unknown}
 g - 2 scrolls of enchant armour {unknown}
 h - a scroll of poison {unknown}
Potions
 b - a potion of magic


   Skills:
 + Level 0.1 Armour
 + Level 1.5 Dodging
 + Level 1.6 Stealth
 + Level 0.1 Unarmed Combat
 + Level 1.6 Spellcasting
 + Level 4.4 Conjurations


You had 3 spell levels left.
You knew the following spells:

 Your Spells              Type           Power      Damage    Failure   Level
a - Magic Dart            Conj           68%        1d6       4%          1

Your spell library contained the following spells:

 Spells                   Type           Power      Damage    Failure   Level
 Searing Ray              Conj           34%        2d5       6%          2
 Dazzling Flash           Conj/Hex       18%        N/A       32%         3
 Fulminant Prism          Conj/Hex       4%         3d6       71%         4
 Iskenderun's Mystic Bla  Conj/Tloc      9%         2d4       71%         4


Dungeon Overview and Level Annotations

Branches:
Dungeon (1/15)

Altars:


Message History

You closely miss the hobgoblin.
The hobgoblin is almost dead.
The hobgoblin hits you.
You closely miss the hobgoblin.
The hobgoblin is almost dead.
The hobgoblin hits you.
You hit the hobgoblin.
You kill the hobgoblin!
You hit the kobold.
The kobold is moderately wounded.
The kobold barely misses you.
You closely miss the kobold.
The kobold is moderately wounded.
The kobold hits you with a +0 whip.
Aiming: Magic Dart (safe; 4% risk of failure)
Press: ? - help, Q - select action Shift-Dir - straight line, f - kobold
Aim: a kobold, wielding a +0 whip (moderately wounded, 100% to hit)
The magic dart hits the kobold.
You kill the kobold!
You hit the dart slug but do no damage. You hit the dart slug.
The dart slug is lightly wounded.
The dart slug misses you.
You hit the dart slug but do no damage.
The dart slug is lightly wounded.
The dart slug launches a dart at you. The slug dart hits you.
* * * LOW HITPOINT WARNING * * *
You hit the dart slug.
The dart slug is moderately wounded.
You hit the dart slug.
The dart slug is heavily wounded.
The dart slug launches a dart at you. The slug dart hits you.
* * * LOW HITPOINT WARNING * * *
You hit the dart slug but do no damage.
The dart slug is heavily wounded.
The dart slug launches a dart at you. The slug dart hits you.
You die...

## .. ############
## # #..........#
#### ###.###
#..........# #...
.......##..........#
#...
...>...w@..........#
#...
.......##..).......#
#... .......
#..........# #...
....... #..........#
#... .....K.
#..........###...
.......
#................
.......
#................
.......
#................
#....[...........


You could see a dart slug.

Vanquished Creatures
  A ball python (D:1)
  A bat (D:1)
  2 endoplasms (D:1)
  3 hobgoblins (D:1)
  3 kobolds (D:1)
  A rat (D:1)
11 creatures vanquished.

Notes
Turn   | Place    | Note
-------+----------+-------------------------------------------
     0 | D:1      | pacmanke6689 the Hill Orc Conjurer began the quest for the
                  | Orb.
     0 | D:1      | Reached XP level 1. HP: 14/14 MP: 3/3
   377 | D:1      | Reached XP level 2. HP: 14/20 MP: 1/4
   581 | D:1      | HP: 1/20 [dart slug/slug dart (3)]
   582 | D:1      | Killed from afar by a dart slug

Illustrated notes

Levels and vault maps discovered:
D:1:      eino_arrival_tree_alley, layout_basic

Action                   || total
-------------------------++-------
Melee: Unarmed           ||    45
       Punch             ||     1
 Cast: Magic Dart        ||    19
Armor: Leather armour    ||     9
Dodge: Dodged            ||    25
